[Event "FIDE CB Open 2022"]
[Site "Ceske Budejovice"]
[Date "2022.07.07"]
[Round "7.37"]
[White "Slaby, Matej"]
[Black "Svanda, Adam"]
[Result "1/2-1/2"]
[ECO "D05"]
[WhiteElo "1796"]
[BlackElo "1918"]
[Annotator "TA"]
[PlyCount "48"]
[EventDate "2022.07.01"]
[EventType "swiss"]
[EventCountry "CZE"]
[SourceTitle "playchess.com"]
[Source "ChessBase"]
[SourceQuality "1"]
[TimeControl "40/5400+30:1800+30"]

1. Nf3 c5 2. c3 Nf6 3. d4 e6 4. e3 b6 5. Nbd2 Bb7 6. Bd3 d5 7. O-O Bd6 8. Ne5 {[%emt 0:02:23] 8.Qe2 is not played anymore.} Qc7 9. f4 Nc6 10. Qe2 {[%emt 0:02:40] D05: Colle System with ...e6.} O-O-O {[%emt 0:02:34] [#]} ({Black should try} 10... O-O $11) 11. Ba6 $146 {[%emt 0:10:24] White is more active.} ({Better is} 11. b3 $14) ({Predecessor:} 11. a4 a5 12. b3 Ne8 13. Bb2 f6 14. Nxc6 Bxc6 15. c4 Kb7 16. Rac1 Qe7 17. g3 {1-0 (28) Peric,B (2096)-Bedic,S (1881) Otocec 2021}) 11... Ne4 (11... Bxa6 $11 12. Qxa6+ Kb8) 12. Bxb7+ {[%emt 0:01:17] White is slightly better.} Kxb7 13. Nxc6 Qxc6 14. Nxe4 dxe4 15. a4 a5 16. Bd2 c4 17. Rfb1 (17. f5 $5 ) 17... Rb8 18. Be1 f5 19. Rd1 (19. b3 $11) 19... Be7 (19... h6 $15 {is superior.}) 20. Qh5 (20. b3 $11) 20... g6 $15 21. Qh6 Bf6 {[%emt 0:00:28] Against Qg7+} 22. Bh4 {[%emt 0:00:51] The position is equal.} Bxh4 23. Qxh4 Rbd8 24. Qh6 Rd7 {[%emt 0:01:59] Weighted Error Value: White=0.24 (precise) /Black=0.30} 1/2-1/2

[Event "FIDE CB Open 2022"]
[Site "Ceske Budejovice"]
[Date "2022.07.07"]
[Round "7.38"]
[White "Wojdyla, Alex"]
[Black "Stastna, Martina"]
[Result "1/2-1/2"]
[ECO "A14"]
[WhiteElo "1782"]
[BlackElo "1912"]
[Annotator "TA"]
[PlyCount "102"]
[EventDate "2022.07.01"]
[EventType "swiss"]
[EventCountry "CZE"]
[SourceTitle "playchess.com"]
[Source "ChessBase"]
[SourceQuality "1"]
[TimeControl "40/5400+30:1800+30"]

1. c4 e6 2. g3 d5 3. Bg2 Nf6 4. Nf3 c5 5. O-O Be7 6. cxd5 {[%emt 0:03:51] A14: English Opening: 1...e6 with b3 by White.} exd5 7. d4 c4 8. Nc3 {[%emt 0:01:43] White is slightly better.} O-O 9. Ne5 Be6 {[%emt 0:08:51] [#]} 10. Re1 $146 ({Predecessor:} 10. Qc2 Nc6 11. Rd1 Qb6 12. Nxc6 bxc6 13. Bg5 Rab8 14. Rd2 h6 15. Bf4 Rb7 16. e4 {0-1 (23) Sanchez Arroyave,J (2089)-Salcedo,P (2141) Medellin 2022}) 10... Nbd7 11. f4 Re8 12. e3 Qa5 (12... Bb4 $11 {remains equal.}) 13. h3 ({White should play} 13. Rf1 $1 $16) 13... Red8 14. g4 {[%emt 0:04:15] White is more active.} Nxe5 15. dxe5 (15. fxe5 $14 Ne8 16. Ne2) 15... Ne4 $1 $15 16. f5 Nxc3 17. bxc3 Bc8 18. Qd2 Qc7 19. Qd4 (19. e4 $15 dxe4 20. Qf4) 19... Bc5 20. Qf4 f6 (20... b6 $17 {aiming for ...f6.} 21. f6 Bb7 22. fxg7 Re8) 21. Rd1 $1 $11 fxe5 22. Qg3 d4 $2 (22... Kh8 $11 {and Black has nothing to worry.}) 23. exd4 $18 Qb8 $2 (23... Qd6 $16 {was called for.}) 24. Kh1 exd4 $2 (24... Be7 25. Be3 Qc7 26. dxe5 Bd7) 25. Qh4 $2 (25. Bf4 $18 Rd6 26. Rxd4) 25... Bd7 $11 26. Bd5+ Kh8 {[%emt 0:01:12] Strongly threatening ...Ba4.} 27. f6 $1 {[%emt 0:00:50] White wants to mate with fxg7+.} Qe5 $36 {[%emt 0:01:34][%mdl 2048] Black has good play.} 28. fxg7+ Qxg7 29. Bg5 {[%emt 0:01:03] Against Be7. White threatens Bf6 and mate.} Rf8 {[%emt 0:00:48] Inhibits Bf6. Threatens to win with ...Rae8.} 30. Rf1 (30. Bh6 $1 $11 Qe5 31. Bxb7) 30... dxc3 $17 {[%emt 0:03:52] ...Rae8 is the strong threat.} 31. Bf6 Rxf6 32. Qxf6 (32. Rxf6 $17 {was the only defense.} c2 33. Rc1) 32... Qxf6 $19 33. Rxf6 c2 $2 (33... Rd8 $19 {and Black stays clearly on top.} 34. Rc1 Ba4 35. Bxc4 c2) 34. Rc1 $17 {[%emt 0:02:01] [#]} Ba4 35. Be4 Be3 {[%emt 0:00:29] Against Rh6. A strong pair of Bishops.} (35... Kg7 {seems wilder.} 36. Re6 Ba3 37. Rxc2 Bxc2 38. Bxc2 Rd8) 36. Rxc2 Bxc2 37. Bxc2 $15 {[%emt 0:00:03][%mdl 4096] Endgame KRB-KRB} c3 ({Better is} 37... Rd8 $15 38. Rf7 Rd2 39. Rxh7+ Kg8) 38. Rf7 $11 h6 39. Rxb7 Rf8 40. Re7 Rf1+ 41. Kg2 Rf2+ 42. Kg3 Bc5 43. Rc7 Rxc2 44. Rxc5 {[%emt 0:00:00] KR-KR} Rc1 $2 {[%emt 0:00:00][%mdl 8192] [#]} (44... Rxa2 $11 45. Rxc3 Kg7) 45. Kf2 $2 (45. Kh4 $1 $18 ) 45... Rc2+ {[%emt 0:00:00] The position is equal.} 46. Ke3 Rxa2 47. Rxc3 Kg7 48. Kf4 Rf2+ 49. Kg3 Rf8 50. Rc7+ Rf7 51. Rc6 Rf6 {[%emt 0:00:00] White used his chance.  Weighted Error Value: White=0.44/Black=0.51} 1/2-1/2

[Event "FIDE CB Open 2022"]
[Site "Ceske Budejovice"]
[Date "2022.07.07"]
[Round "7.39"]
[White "Vojtek, Pavel"]
[Black "Saravanan Durga"]
[Result "0-1"]
[ECO "A17"]
[WhiteElo "1711"]
[BlackElo "1908"]
[Annotator "TA"]
[PlyCount "66"]
[EventDate "2022.07.01"]
[EventType "swiss"]
[EventCountry "CZE"]
[SourceTitle "playchess.com"]
[Source "ChessBase"]
[SourceQuality "1"]
[TimeControl "40/5400+30:1800+30"]

1. c4 e6 2. g3 d5 3. Bg2 Nf6 4. Nc3 d4 5. Ne4 Be7 6. d3 {[%emt 0:04:24] A17: English Opening: 1...Nf6 with ...Bb4.} O-O 7. Nxf6+ Bxf6 8. Qb3 {[%emt 0:01:50] [#] The position is equal.} c6 $146 ({Predecessor:} 8... Nd7 9. Nf3 Nc5 10. Qa3 Be7 11. b4 Na6 12. Bd2 c5 13. bxc5 Bxc5 14. Qb2 f6 {0-1 (84) Mihalinec,D (2238)-Gajic,M (2127) Croatia 2011}) 9. Nf3 e5 10. O-O a5 11. Nd2 Na6 12. Qd1 Bf5 13. Ne4 Be7 14. b3 Bg6 15. Nd2 Nc5 16. Ba3 f5 {[%emt 0:10:32] Black is more active.} 17. Qc1 Re8 18. Qc2 Bf8 19. Kh1 Rc8 20. f4 $2 {[%emt 0:02:06] [#] This costs White the game.} (20. Bh3 $17 {is a better defense.}) 20... exf4 $19 21. Rxf4 Ne6 (21... Rxe2 $2 22. Bxc5 Bxc5 23. Bf1 $19) 22. Bxf8 Nxf4 ({And not} 22... Rxf8 23. Rf2 $15) (22... Nxf8 23. Re1 $11) ({Worse is} 22... Kxf8 23. Rf2 $11) 23. gxf4 Kxf8 ({Not} 23... Rxf8 $2 24. Nf3 $19) 24. Nf3 Re3 25. Qd2 c5 26. Ng5 Qe7 27. Re1 b6 {[%emt 0:00:45] [#] Threatens to win with ...Re8. Black is clearly winning.} 28. Nf3 (28. Bf3 $142) 28... Re8 29. Ne5 Bh5 30. Bf3 Bxf3+ 31. exf3 Rxe1+ 32. Qxe1 g5 33. Qd2 Qd6 {[%emt 0:00:45] Weighted Error Value: White=0.55/Black=0.07 (flawless)} 0-1

[Event "FIDE CB Open 2022"]
[Site "Ceske Budejovice"]
[Date "2022.07.07"]
[Round "7.40"]
[White "Toman, Jan"]
[Black "Travnicek, Jaroslav"]
[Result "1-0"]
[ECO "A32"]
[WhiteElo "2142"]
[BlackElo "1730"]
[Annotator "NA RC"]
[PlyCount "53"]
[EventDate "2022.07.01"]
[EventType "swiss"]
[EventCountry "CZE"]
[SourceTitle "playchess.com"]
[Source "ChessBase"]
[SourceQuality "1"]
[TimeControl "40/5400+30:1800+30"]

1. Nf3 d5 2. c4 e6 3. d4 Nf6 4. g3 c5 5. cxd5 Nxd5 6. Bg2 cxd4 7. Nxd4 Bb4+ 8. Bd2 Bxd2+ 9. Qxd2 O-O 10. O-O Nc6 11. Nxc6 bxc6 12. Rc1 Qb6 13. Nc3 Ba6 14. Bf3 Rfd8 15. Na4 Qc7 16. Nc5 Bb7 17. Qc2 Rac8 18. Qa4 Ba8 19. Rc2 Qb8 20. Rc3 Nb4 21. Rb3 Nd5 22. Rc1 Qc7 23. Ra3 Nb6 24. Qxa7 Qxa7 25. Rxa7 Rd2 26. Nd3 Rd8 27. Kf1 1-0

[Event "FIDE CB Open 2022"]
[Site "Ceske Budejovice"]
[Date "2022.07.07"]
[Round "7.41"]
[White "Nagyova, Daniela"]
[Black "Zeleny, Tomas"]
[Result "0-1"]
[ECO "B43"]
[WhiteElo "1712"]
[BlackElo "2136"]
[Annotator "RC"]
[PlyCount "111"]
[EventDate "2022.07.01"]
[EventType "swiss"]
[EventCountry "CZE"]
[SourceTitle "playchess.com"]
[Source "ChessBase"]
[SourceQuality "1"]
[TimeControl "40/5400+30:1800+30"]

1. e4 c5 2. Nf3 e6 3. d4 cxd4 4. Nxd4 a6 5. Nc3 Qc7 6. Bd3 Nf6 7. O-O b5 8. Qe2 d6 9. f4 Be7 10. e5 Nfd7 11. exd6 Bxd6 12. Kh1 Nf6 13. Nf5 Bf8 14. Bxb5+ axb5 15. Nxb5 Qc6 16. Nfd4 Qb6 17. f5 Bc5 18. Bf4 O-O 19. fxe6 Bxd4 20. e7 Re8 21. Nc7 Ra7 22. Nxe8 Nxe8 23. Bg5 Be6 24. c3 Bc5 25. b4 Bxe7 26. Be3 Qc7 27. Bxa7 Qxa7 28. a4 Qc7 29. Qe3 Nf6 30. Ra3 Ng4 31. Qg1 Bd6 32. h3 Nf6 33. a5 Ne4 34. Rf3 Na6 35. Qe3 Ng3+ 36. Rxg3 Bxg3 37. b5 Bd6 38. Ra1 Qc5 39. Qd3 Bc4 40. Qf3 Qxb5 41. Qe3 Qe5 42. Qxe5 Bxe5 43. Ra3 Kf8 44. Kg1 Bd6 45. Ra1 Bc5+ 46. Kh2 f5 47. Kg3 Kf7 48. Rb1 Bd5 49. Ra1 Kf6 50. Ra4 Ke5 51. Kh2 f4 52. Kh1 Be4 53. Ra1 g5 54. Rd1 f3 55. g3 f2+ 56. Kh2 0-1

[Event "FIDE CB Open 2022"]
[Site "Ceske Budejovice"]
[Date "2022.07.07"]
[Round "7.42"]
[White "Pavlis, Matej"]
[Black "Kotleska, Roman"]
[Result "1-0"]
[ECO "D78"]
[WhiteElo "1625"]
[BlackElo "1863"]
[Annotator "NA RC COMBH"]
[PlyCount "167"]
[EventDate "2022.07.01"]
[EventType "swiss"]
[EventCountry "CZE"]
[SourceTitle "playchess.com"]
[Source "ChessBase"]
[SourceQuality "1"]
[TimeControl "40/5400+30:1800+30"]

1. d4 Nf6 2. c4 g6 3. Nf3 Bg7 4. g3 d5 5. Bg2 c6 6. O-O O-O 7. Nc3 Nbd7 8. Qc2 Nb6 9. cxd5 cxd5 10. Ne5 Be6 11. b3 Rc8 12. Bb2 Bf5 13. Qd2 Ne4 14. Qe3 Nf6 15. Rac1 Ng4 16. Nxg4 Bxg4 17. Qg5 Qd7 18. Nxd5 Nxd5 19. Qxd5 Qxd5 20. Bxd5 Bxe2 21. Bxb7 Rb8 22. Rfe1 Rxb7 23. Rxe2 Rd8 24. Rc4 e6 25. Rec2 Kf8 26. Rc7 Rd7 27. Rxb7 Rxb7 28. f4 Ke7 29. Kf2 Kd6 30. Ke3 Rb5 31. Rc4 h5 32. Rc8 Rb7 33. Ba3+ Kd7 34. Rg8 Bf6 35. Rf8 Kc6 36. Bc5 Kb5 37. Kd3 Ka6 38. Rc8 Rd7 39. Kc4 Kb7 40. Re8 Rd5 41. Rf8 Rd7 42. b4 Bd8 43. a4 a6 44. a5 Kc6 45. h3 Kb7 46. b5 axb5+ 47. Kxb5 Bxa5 48. Kxa5 Kc6 49. Kb4 Kd5 50. g4 hxg4 51. hxg4 Ke4 52. f5 gxf5 53. gxf5 Kxf5 54. Kc4 Ke4 55. Re8 Rd5 56. Re7 Rf5 57. Bd6 Kf3 58. Kd3 Kg4 59. Re8 Kg5 60. Ke4 Kg6 61. Rg8+ Kf6 62. Rg4 Rd5 63. Be5+ Ke7 64. Rg7 Kf8 65. Rh7 Ke7 66. Kf4 Rb5 67. Kg5 Rb1 68. Bf6+ Ke8 69. Rh8+ Kd7 70. Kh6 Rg1 71. Kh7 Kd6 72. Rg8 Rf1 73. Kg7 Kd5 74. Kxf7 Re1 75. Rd8+ Kc6 76. Be5 Rh1 77. Kxe6 Rh6+ 78. Bf6 Kc7 79. Rh8 Rg6 80. d5 Rg2 81. d6+ Kc6 82. d7 Re2+ 83. Be5 Rxe5+ 84. Kxe5 1-0

[Event "FIDE CB Open 2022"]
[Site "Ceske Budejovice"]
[Date "2022.07.07"]
[Round "7.43"]
[White "Rosol, Philip"]
[Black "Nejdl, Eduard"]
[Result "1-0"]
[ECO "A91"]
[WhiteElo "1741"]
[BlackElo "1951"]
[Annotator "TA"]
[PlyCount "71"]
[EventDate "2022.07.01"]
[EventType "swiss"]
[EventCountry "CZE"]
[SourceTitle "playchess.com"]
[Source "ChessBase"]
[SourceQuality "1"]
[TimeControl "40/5400+30:1800+30"]

1. d4 f5 2. g3 e6 3. Bg2 d5 4. c4 c6 5. Nh3 Nf6 6. O-O Be7 7. Qc2 O-O 8. Nd2 Ng4 {[%emt 0:07:44] A91: Classical Dutch: Early Deviations.} 9. Nf3 Qe8 10. Nf4 {[%emt 0:14:02] [#]} Bf6 $146 {[%emt 0:03:27] White is better.} ({Predecessor:} 10... g5 11. Nd3 h6 12. b4 Bd6 13. e3 Nf6 14. a4 Ne4 15. b5 Nd7 16. Ba3 Qe7 17. Bxd6 Nxd6 {1-0 (39) Livner,A (2364)-Nettleton,C (1834) Gatwick 2011}) 11. Nd3 Bd8 12. Bf4 Nd7 13. h3 Ngf6 14. Bd6 Be7 15. Bxe7 Qxe7 16. c5 Kh8 (16... Ne4 $142) 17. Nde5 (17. b4 $16) 17... Nxe5 $11 18. Nxe5 Bd7 19. b4 Rfc8 20. a4 Be8 21. f4 Bh5 22. Rfb1 Qd8 23. Qb2 Rab8 24. b5 b6 $2 {[%emt 0:01:19][%mdl 8192] [#]} (24... Be8 $16) 25. Ra3 $2 ({White must play} 25. Nxc6 $18 Rxc6 26. bxc6) 25... Be8 (25... bxc5 $11 {keeps the balance.} 26. Qa1 Be8) 26. bxc6 $16 bxc5 27. Rb3 Rxb3 28. Qxb3 h6 (28... Qc7 $142) 29. dxc5 {[%emt 0:00:58] Strongly threatening Qb7.} Kh7 30. Qb7 $36 {[%emt 0:02:22][%mdl 2048] White has strong initiative.} Rc7 {[%emt 0:01:43] [#]} 31. Qa6 {[%emt 0:01:25] Black must now prevent Rb7.} Qe7 $2 (31... Ne4 $16) 32. Rb7 $18 {[%emt 0:00:52][%cal Bb1b7,Bb7c7,Bc7c6][%mdl 32] And now Qxa7 would win. White is clearly winning.} Qxc5+ 33. Kh2 {[%emt 0:00:14] Active counter play!} Rxc6 34. Nxc6 Bxc6 35. Rc7 Qf2 36. Rxc6 {[%emt 0:00:46] Weighted Error Value: White=0.28 (precise) /Black=0.70} ({Not} 36. Qxc6 Ne4 $11) 1-0

[Event "FIDE CB Open 2022"]
[Site "Ceske Budejovice"]
[Date "2022.07.07"]
[Round "7.44"]
[White "Petirova, Iva"]
[Black "Tsifanskaya, Ludmila A"]
[Result "0-1"]
[ECO "B33"]
[WhiteElo "1722"]
[BlackElo "1941"]
[Annotator "TA"]
[PlyCount "81"]
[EventDate "2022.07.01"]
[EventType "swiss"]
[EventCountry "CZE"]
[SourceTitle "playchess.com"]
[Source "ChessBase"]
[SourceQuality "1"]
[TimeControl "40/5400+30:1800+30"]

1. e4 c5 2. Nf3 Nc6 3. d4 cxd4 4. Nxd4 Qb6 5. Nb3 Nf6 6. Nc3 e6 7. Qe2 d6 (7... Be7 $11) 8. Be3 $16 {[%emt 0:04:28] B33: Sicilian: Pelikan and Sveshnikov Variations.} Qc7 (8... Qb4 $2 9. a3 Qxc3+ 10. bxc3 $18) 9. g4 Be7 10. O-O-O {[%emt 0:03:12] White is better.} a6 11. g5 Nd7 12. f4 b5 13. f5 Nde5 14. Bh3 {[%emt 0:10:20] [#]} b4 $146 ({Predecessor:} 14... Nc4 15. Bf4 N6e5 16. Nd2 Qa5 17. Nb3 Qb4 18. Rd4 Nc6 19. Rd3 N6a5 20. Qd1 Bd7 {0-1 (35) Haschemi,S (1607)-Vuckovic,R (1880) Bayern 2019}) 15. Na4 Rb8 {[%emt 0:01:04] Prevents Nb6.} 16. Rhf1 g6 17. f6 (17. Kb1 $11) 17... Bf8 $15 18. Nd4 (18. Rf4 $15) 18... h6 $19 19. Nf3 (19. Rf2 $142) 19... Nxf3 20. Rxf3 Ne5 21. Rg3 Bd7 22. b3 Bxa4 (22... Bb5 $142 23. Qd2 Bxa4 24. bxa4 Nc4) 23. bxa4 $17 Qa5 (23... Qc3 $2 24. Ba7 Qc8 25. Bxb8 Qxb8 26. Qxa6 hxg5 27. Bf1 $18) (23... hxg5 $17 {aiming for ...b3.} 24. Bf1 Nd7 25. Bxg5 Nc5) 24. gxh6 $2 {[%emt 0:01:51] [#]} (24. Bf1 $1 $11 {and White stays safe.}) 24... Qxa4 $2 ({Black should play} 24... Rc8 $1 $19 {...Nc4 is the strong threat.} 25. Rd4 Qc5) 25. Kb1 $11 Rc8 $36 {[%emt 0:04:17][%mdl 2048] Black has some pressure.} 26. Rd4 {[%emt 0:05:29] White is now going downhill.} ({Better is} 26. Bd4 $1 $15 Nc6 27. Bf1) 26... Bxh6 $17 27. Bxh6 Rxh6 28. Rb3 (28. Bf1 $17) 28... a5 29. Qa6 {[%emt 0:03:25][%cal Ra6c8] [#]} Qc6 {[%emt 0:00:27] Chess con chili.} 30. Qxc6+ Rxc6 ({Weaker is} 30... Nxc6 31. Rxd6 Rh4 32. Bf1 $17) 31. Bf1 Rb6 {[%emt 0:01:30] Inhibits Bb5+.} ({Worse is} 31... Rxh2 32. Bb5 $17) 32. a3 Rxh2 33. Kb2 Rf2 {[%emt 0:01:13][%csl LRf1,LRf6] Black is clearly winning.} 34. Rd1 Rxf6 35. axb4 a4 36. Rh3 Rxb4+ 37. Ka3 Rxe4 38. Bb5+ Ke7 39. Rh8 Rf3+ 40. Ka2 d5 41. Rh6 {[%emt 0:31:34] Weighted Error Value: White=0.52/Black=0.22 (precise)} 0-1

[Event "FIDE CB Open 2022"]
[Site "Ceske Budejovice"]
[Date "2022.07.07"]
[Round "7.45"]
[White "Svejda, Karel"]
[Black "Simacek, Vaclav"]
[Result "0-1"]
[ECO "A46"]
[WhiteElo "1619"]
[BlackElo "1856"]
[Annotator "NA RC COMBH"]
[PlyCount "70"]
[EventDate "2022.07.01"]
[EventType "swiss"]
[EventCountry "CZE"]
[SourceTitle "playchess.com"]
[Source "ChessBase"]
[SourceQuality "1"]
[TimeControl "40/5400+30:1800+30"]

1. d4 Nf6 2. Nf3 e6 3. Bf4 c5 4. e3 Nc6 5. Nbd2 cxd4 6. exd4 d5 7. c3 Qb6 8. Qb3 Nd7 9. Bd3 Be7 10. O-O O-O 11. Qc2 h6 12. Rfe1 Nf6 13. h3 Kh8 14. Qc1 Ng8 15. Bb1 f5 16. Ne5 Nxe5 17. Bxe5 Bd7 18. g4 Bf6 19. Nf3 Bxe5 20. Nxe5 Be8 21. gxf5 exf5 22. Bd3 Rd8 23. Qc2 Qf6 24. Re3 f4 25. Ng4 Qh4 26. Rf3 Bh5 27. Bf5 Ne7 28. Be6 Rd6 29. Qe2 Qg5 30. Kh2 Ng6 31. Rg1 Qe7 32. Ne5 Rxe6 33. Rxg6 Rxe5 34. dxe5 Bxg6 35. Qd2 Qxe5 0-1

[Event "FIDE CB Open 2022"]
[Site "Ceske Budejovice"]
[Date "2022.07.07"]
[Round "7.46"]
[White "Almaini, Aishah Sarhan"]
[Black "Musil, Vitezslav"]
[Result "0-1"]
[ECO "E70"]
[WhiteElo "1615"]
[BlackElo "1834"]
[Annotator "NA RC COMBH"]
[PlyCount "104"]
[EventDate "2022.07.01"]
[EventType "swiss"]
[EventCountry "CZE"]
[SourceTitle "playchess.com"]
[Source "ChessBase"]
[SourceQuality "1"]
[TimeControl "40/5400+30:1800+30"]

1. d4 Nf6 2. c4 g6 3. Nc3 Bg7 4. e4 O-O 5. Bd3 d6 6. Nge2 e5 7. d5 Nbd7 8. O-O Nc5 9. Bc2 a5 10. f3 c6 11. Be3 Qc7 12. a3 cxd5 13. cxd5 Bd7 14. b4 axb4 15. axb4 Rxa1 16. Qxa1 Na6 17. Qa3 Rc8 18. Bd3 Rb8 19. Rc1 Bf8 20. Na4 Qd8 21. Bb6 Qe8 22. Nac3 Ra8 23. Qb3 Nb8 24. Qb2 Bh6 25. Ra1 Rxa1+ 26. Qxa1 Qc8 27. Qa5 Ne8 28. Nb5 Bxb5 29. Bxb5 Nd7 30. Bxd7 Qxd7 31. b5 f5 32. h3 fxe4 33. fxe4 Nf6 34. Qb4 Bf8 35. Qc4 Qe8 36. Nc3 Qa8 37. Qf1 Be7 38. Be3 Bd8 39. Qc1 Qa5 40. Kh2 Qb4 41. Qc2 Qc4 42. Bg5 Ng4+ 43. hxg4 Bxg5 44. b6 Bf4+ 45. g3 Be3 46. Qa4 Qxa4 47. Nxa4 Kf7 48. Kg2 Kf6 49. Kf3 Bd4 50. Kg2 Kg5 51. Kh3 h6 52. Kg2 Kxg4 0-1

[Event "FIDE CB Open 2022"]
[Site "Ceske Budejovice"]
[Date "2022.07.07"]
[Round "7.47"]
[White "Smola, David"]
[Black "Rucabado, Stefan"]
[Result "0-1"]
[ECO "B06"]
[WhiteElo "1609"]
[BlackElo "1809"]
[Annotator "NA RC COMBH"]
[PlyCount "50"]
[EventDate "2022.07.01"]
[EventType "swiss"]
[EventCountry "CZE"]
[SourceTitle "playchess.com"]
[Source "ChessBase"]
[SourceQuality "1"]
[TimeControl "40/5400+30:1800+30"]

1. e4 g6 2. d4 Bg7 3. Bc4 a6 4. Ne2 d6 5. O-O Nd7 6. Be3 b5 7. Bb3 Ngf6 8. f3 O-O 9. Qd2 Re8 10. c4 c5 11. Rd1 Qc7 12. Nbc3 bxc4 13. Bxc4 cxd4 14. Qxd4 Ng4 15. Qd5 e6 16. Qxa8 Nxe3 17. Bd5 Nxd1 18. Rxd1 exd5 19. Qxd5 Qb6+ 20. Kf1 Qxb2 21. Qc6 Rf8 22. Nd5 Ne5 23. Ne7+ Kh8 24. Qxd6 Be6 25. Nd4 Nc4 0-1

[Event "FIDE CB Open 2022"]
[Site "Ceske Budejovice"]
[Date "2022.07.07"]
[Round "7.48"]
[White "Krejci, Vera Marie"]
[Black "Pavlicek, Petr"]
[Result "0-1"]
[ECO "C50"]
[WhiteElo "1554"]
[BlackElo "1806"]
[Annotator "NA RC COMBH"]
[PlyCount "136"]
[EventDate "2022.07.01"]
[EventType "swiss"]
[EventCountry "CZE"]
[SourceTitle "playchess.com"]
[Source "ChessBase"]
[SourceQuality "1"]
[TimeControl "40/5400+30:1800+30"]

1. e4 e5 2. Nf3 Nc6 3. Bc4 Bc5 4. d3 Nf6 5. h3 h6 6. Nc3 a6 7. a4 d6 8. O-O O-O 9. Be3 Nd4 10. Re1 c6 11. Bxd4 exd4 12. Ne2 Bb4 13. c3 dxc3 14. bxc3 Ba5 15. Qc2 d5 16. exd5 Nxd5 17. d4 Be6 18. Bd3 Qf6 19. Red1 Bxh3 20. Be4 Bg4 21. c4 Nf4 22. Ng3 Rad8 23. d5 cxd5 24. cxd5 Nxd5 25. Bxd5 Rxd5 26. Qe4 Rxd1+ 27. Rxd1 Bxf3 28. gxf3 Qc6 29. Qg4 Rd8 30. Rb1 b6 31. Nf5 Qf6 32. Qe4 Qg6+ 33. Kf1 Kh7 34. Ne3 Qxe4 35. fxe4 Rd4 36. Ra1 Rxe4 37. Nd5 Rd4 38. Nc7 Rd7 39. Nxa6 Ra7 40. Nb8 Rc7 41. Rb1 Rc4 42. Nd7 Rxa4 43. Nxb6 Rb4 44. Rxb4 Bxb4 45. Kg2 f5 46. f3 g6 47. Kg3 Kg7 48. Kh3 g5 49. Nd5 Bd6 50. Ne3 Kg6 51. Nd5 h5 52. Kg2 f4 53. Nc3 Kf5 54. Ne4 Be5 55. Nd2 g4 56. Nf1 Bc3 57. Nh2 Be1 58. fxg4+ hxg4 59. Nf3 gxf3+ 60. Kxf3 Bh4 61. Kg2 Ke4 62. Kg1 Ke3 63. Kf1 f3 64. Kg1 Ke2 65. Kh1 f2 66. Kh2 Bd8 67. Kg2 f1=Q+ 68. Kh2 Bc7# 0-1

[Event "FIDE CB Open 2022"]
[Site "Ceske Budejovice"]
[Date "2022.07.07"]
[Round "7.49"]
[White "Svoboda, Petr"]
[Black "Simajchl, Adam"]
[Result "1-0"]
[ECO "B27"]
[WhiteElo "2088"]
[BlackElo "1610"]
[Annotator "NA"]
[PlyCount "79"]
[EventDate "2022.07.01"]
[EventType "swiss"]
[EventCountry "CZE"]
[SourceTitle "playchess.com"]
[Source "ChessBase"]
[SourceQuality "1"]
[TimeControl "40/5400+30:1800+30"]

1. e4 c5 2. Nf3 g6 3. d4 cxd4 4. Qxd4 Nf6 5. Nc3 Nc6 6. Qa4 Bg7 7. e5 Ng8 8. Bf4 e6 9. Nb5 h6 10. Nd6+ Kf8 11. O-O-O Nge7 12. g4 a6 13. h4 Nd5 14. Qe4 Ncb4 15. Bc4 b5 16. Bxd5 Nxd5 17. Rxd5 Rb8 18. Rd3 b4 19. Rhd1 Qa5 20. Kb1 Kg8 21. Nxc8 Rxc8 22. Rxd7 Bf8 23. Qb7 Qc5 24. R1d2 Qc4 25. R7d3 Rc5 26. Be3 Rc7 27. Qb6 Rc6 28. b3 Qe4 29. Qb8 Kg7 30. Nd4 Bc5 31. Bxh6+ Kh7 32. Qxh8+ Kxh8 33. Nxc6 Qxc6 34. Rd8+ Kh7 35. Bg5 Bb6 36. Bf6 Bxd8 37. Rxd8 Qg2 38. Kb2 g5 39. Rh8+ Kg6 40. Kb1 1-0

[Event "FIDE CB Open 2022"]
[Site "Ceske Budejovice"]
[Date "2022.07.07"]
[Round "7.50"]
[White "Kukacka, Ladislav"]
[Black "Hrbek, Jachym"]
[Result "0-1"]
[ECO "B11"]
[WhiteElo "1555"]
[BlackElo "1695"]
[Annotator "NA RC COMBH"]
[PlyCount "68"]
[EventDate "2022.07.01"]
[EventType "swiss"]
[EventCountry "CZE"]
[SourceTitle "playchess.com"]
[Source "ChessBase"]
[SourceQuality "1"]
[TimeControl "40/5400+30:1800+30"]

1. e4 c6 2. Nc3 d5 3. Nf3 dxe4 4. Nxe4 Nf6 5. Nxf6+ exf6 6. Bc4 Bd6 7. O-O O-O 8. c3 Qc7 9. h3 Nd7 10. d4 b5 11. Bb3 Bb7 12. Bc2 Rfd8 13. Qd3 Nf8 14. Be3 a5 15. Qf5 Bc8 16. Qh5 Be6 17. Kh1 Bd5 18. Bb3 Be4 19. Nh4 a4 20. Bd1 g5 21. Qg4 Bd3 22. Rg1 h5 23. Qf3 gxh4 24. Bh6 Bg6 25. Qxf6 Ne6 26. Qf3 Kh7 27. Be3 Be7 28. Bc2 Bxc2 29. Qxf7+ Ng7 30. Bf4 Qd7 31. Rae1 Rf8 32. Qxe7 Qxe7 33. Rxe7 Rxf4 34. g3 Be4+ 0-1

[Event "FIDE CB Open 2022"]
[Site "Ceske Budejovice"]
[Date "2022.07.07"]
[Round "7.52"]
[White "Hladky, Mikulas"]
[Black "Hammel, Juergen"]
[Result "1/2-1/2"]
[ECO "C41"]
[WhiteElo "1549"]
[BlackElo "1650"]
[Annotator "NA RC COMBH"]
[PlyCount "143"]
[EventDate "2022.07.01"]
[EventType "swiss"]
[EventCountry "CZE"]
[SourceTitle "playchess.com"]
[Source "ChessBase"]
[SourceQuality "1"]
[TimeControl "40/5400+30:1800+30"]

1. e4 e5 2. Nf3 d6 3. Nc3 Nf6 4. d4 exd4 5. Nxd4 Be7 6. Be3 O-O 7. Be2 Re8 8. O-O Bf8 9. Bd3 Nbd7 10. Nf3 Ne5 11. Nxe5 Rxe5 12. f4 Re8 13. Bd4 b6 14. Bxf6 Qxf6 15. Nd5 Qd8 16. f5 c6 17. Nc3 Qf6 18. Qf3 Bb7 19. Rae1 d5 20. Kh1 Bb4 21. a3 Bxc3 22. bxc3 Re5 23. Qg4 Rae8 24. c4 dxe4 25. Rxe4 c5 26. Rxe5 Rxe5 27. Qg3 h6 28. h3 Be4 29. Bxe4 Rxe4 30. Qd3 Qd4 31. Qf3 Qxc4 32. f6 Re6 33. fxg7 Rg6 34. Qf5 Qe6 35. Qf3 Kxg7 36. Qc3+ Rf6 37. Qg3+ Rg6 38. Qc3+ f6 39. Re1 Qc6 40. Rg1 a6 41. Qe3 Qb7 42. Qd3 b5 43. Qe3 Qc7 44. Re1 Qb7 45. Qe7+ Qxe7 46. Rxe7+ Kf8 47. Re6 Kf7 48. Rxa6 f5 49. Ra5 Rb6 50. Kh2 Ke6 51. Ra8 Kd5 52. Kg3 Kc4 53. Rd8 Kc3 54. Rd3+ Kxc2 55. Rf3 Rf6 56. Rf2+ Kb3 57. Rf3+ Ka4 58. Rc3 Rc6 59. Kf4 b4 60. axb4 Kxb4 61. Rc1 Rd6 62. Kxf5 c4 63. g4 c3 64. h4 Kb3 65. g5 hxg5 66. hxg5 c2 67. g6 Rd1 68. Rxc2 Kxc2 69. g7 Rf1+ 70. Kg6 Rg1+ 71. Kf7 Rf1+ 72. Kg6 1/2-1/2